 Dungeon Crawl Stone Soup version 0.17.2-1-ge4368a0 (webtiles) character file.

132 Goblin1989 the Skirmisher (level 4, -1/38 HPs)
             Began as a Demonspawn Hunter on Oct 30, 2016.
             Succumbed to poison (a potion of poison)
             ... on level 4 of the Dungeon.
             The game lasted 00:11:36 (2583 turns).

Goblin1989 the Skirmisher (Demonspawn Hunter)       Turns: 2583, Time: 00:11:37

Health: -1/38      AC:  6    Str: 19    XL:     4   Next: 92%
Magic:  4/4        EV: 11    Int: 12    God:
Gold:   197        SH:  0    Dex: 13    Spells: 0 memorised, 3 levels left

rFire  . . .     SeeInvis .     a - +1 hand crossbow
rCold  . . .     Clarity  .     i - +0 ring mail
rNeg   . . .     SustAt   .     (no shield)
rPois  .         Gourm    .     (helmet restricted)
rElec  .         Spirit   .     (no cloak)
rCorr  .         Warding  .     (no gloves)
rMut   .         Stasis   .     (no boots)
MR     .....                    (no amulet)
Stlth  +.........               (no ring)
                                (no ring)

@: mighty, lethally poisoned (-1 -> -31), very slightly contaminated, hasted,
very quick, not resistant to hostile enchantments, very unstealthy
A: antennae 1, molten scales 1, powered by death 1
a: no special abilities


You were on level 4 of the Dungeon.
You were very hungry.

You visited 1 branch of the dungeon, and saw 4 of its levels.

You collected 197 gold pieces.

Inventory:

Hand Weapons
 a - a +1 hand crossbow (weapon)
 b - a +0 mace
Missiles
 d - 5 bolts (quivered)
 Z - a throwing net {=f, !d}
Armour
 i - a +0 ring mail (worn)
Scrolls
 c - a scroll of enchant weapon {unknown}
 f - a scroll of remove curse {unknown}
 j - a scroll of random uselessness {unknown}
 k - 2 scrolls of blinking {unknown}
 m - a scroll of magic mapping {unknown}
 p - a scroll of teleportation {unknown}
Potions
 n - a potion of haste {!q, @q3}
 o - a potion of brilliance {unknown}
 q - a potion of agility {unknown}
 r - a potion of berserk rage {unknown}
Comestibles
 e - 2 bread rations {@e1}
 g - 3 meat rations {@e2}
 l - 2 beef jerkies


   Skills:
 - Level 4.3 Fighting
 + Level 2.2 Maces & Flails
 - Level 3.6 Crossbows
 - Level 1.7 Dodging
 - Level 0.8 Stealth


You had 3 spell levels left.
You didn't know any spells.

Dungeon Overview and Level Annotations

Branches:
Dungeon (4/15)
 Temple: D:4-7

Altars:
Elyvilon
Fedhas
Okawaru

Annotations:
D:3 Goblin1989's ghost, amateur DrTm


Innate Abilities, Weirdness & Mutations

You have a pair of small antennae on your head.
You are partially covered in molten scales (AC +1).
You regenerate a little health from kills.


Message History

* * * LOW HITPOINT WARNING * * *
You are more poisoned.
The worker ant poisons you!
You take 8 damage, and have 4/38 hp.
MASSIVE DAMAGE!!
Drink which item? (? for menu, Esc to quit)
It was a potion of haste.
You feel yourself speed up.
* * * LOW HITPOINT WARNING * * *
You feel sick. The worker ant barely misses you.
You are very lightly contaminated with residual magic.
You take 1 damage, and have 3/38 hp.
Drink which item? (? for menu, Esc to quit)
It was a potion of poison.
That liquid tasted very nasty...
You are more poisoned.
* * * LOW HITPOINT WARNING * * *
You feel sick. The worker ant completely misses you.
You take 2 damage, and have 1/38 hp.
Drink which item? (? for menu, Esc to quit)
It was a potion of might.
You feel very mighty all of a sudden.
You die...

█....█
█....█
█....█
█....█
█....█
█....█
█....█
██████..).█
█..a@.█████
█.....█
█..∆.....█
...█.....█
██ █.....█
█.....█
█.....█
█.....█


You could see a worker ant.

Vanquished Creatures
  6 adders
  An ooze (D:2)
  2 worms (D:2)
  6 orcs (D:3)
  6 bats
  4 giant cockroaches
  10 goblins
  7 hobgoblins
  4 jackals (D:3)
  6 kobolds
  5 giant newts
  6 rats
63 creatures vanquished.

Notes
Turn   | Place    | Note
--------------------------------------------------------------
     0 | D:1      | Goblin1989 the Demonspawn Hunter began the quest for the Orb.
     0 | D:1      | Reached XP level 1. HP: 16/16 MP: 1/1
   184 | D:1      | Gained mutation: You regenerate a little health from kills. [demonic ancestry]
   184 | D:1      | Reached XP level 2. HP: 14/23 MP: 2/2
   453 | D:1      | Found an iron altar of Okawaru.
   691 | D:2      | Gained mutation: You are partially covered in molten scales (AC +1). [demonic ancestry]
   691 | D:2      | Reached XP level 3. HP: 19/29 MP: 3/3
   863 | D:2      | Reached skill level 4 in Fighting
  1386 | D:3      | Gained mutation: You have a pair of small antennae on your head. [demonic ancestry]
  1386 | D:3      | Reached XP level 4. HP: 37/37 MP: 4/4
  1450 | D:3      | Noticed Goblin1989's ghost (amateur DrTm)
  1629 | D:3      | Reached skill level 1 in Maces & Flails
  1768 | D:3      | Found a blossoming altar of Fedhas.
  1768 | D:3      | Found a white marble altar of Elyvilon.
  2226 | D:4      | Noticed an ogre
  2582 | D:4      | HP: 1/38 [poison (a potion of poison)]
  2583 | D:4      | Succumbed to poison (a potion of poison)

Action                   |  1- 3 |  4- 6 || total
-------------------------+-------+-------++-------
Melee: Mace              |       |    73 ||    73
       Club              |       |    68 ||    68
 Fire: Hand crossbow     |   100 |    15 ||   115
Throw: Throwing net      |       |     2 ||     2
  Use: Potion            |       |     3 ||     3
  Eat: Chunk             |     1 |     3 ||     4

Vault maps used:
D:1:      dpeg_arrival_lava_temple_mockup, kennysheep_flooded_box
D:2:      serial_bayou_pond_e
D:3:      gammafunk_temple_overflow_elements, serial_bayou, serial_bayou_pond_e,
          serial_bayou_pond_c, serial_bayou_pond_e, serial_bayou_pond_d
D:4:      temple_hall, first_bread, serial_shops, kennysheep_mini_moat
